 Dungeon Crawl Stone Soup version 0.26-a0-639-g72c4674329 (webtiles) character file.

Game seed: 16324834911949748788

35679 Lugonue the Cruncher (level 13, 0/106 HPs)
             Began as a Demonspawn Gladiator on Sept 21, 2020.
             Was a High Priest of Kikubaaqudgha.
             Slain by a cane toad (9 damage)
             ... on level 6 of the Lair of Beasts.
             The game lasted 00:50:29 (22963 turns).

Lugonue the Cruncher (Demonspawn Gladiator)        Turns: 22963, Time: 00:50:30

Health: 0/106      AC: 14    Str: 21    XL:     13   Next: 48%
Magic:  0/28       EV: 13    Int: 13    God:    Kikubaaqudgha [*****.]
Gold:   805        SH:  0    Dex: 20    Spells: 17/23 levels left

rFire    . . .     SeeInvis .   a - +3 quarterstaff
rCold    . . .     Faith    .   (shield currently unavailable)
rNeg     . . .     Spirit   +   v - +0 ring mail {rPois}
rPois    +         Reflect  .   c - +2 helmet
rElec    .         Harm     .   p - +2 cloak {rCorr}
rCorr    +         Rampage  .   m - +0 pair of gloves
MR       .....                  F - +0 pair of boots (curse)
Stlth    ++++......             A - amulet of regeneration
HPRegen  0.67/turn              C - +6 ring of strength
MPRegen  0.42/turn              e - ring of magical power

@: heavily drained
A: hooves 2, thin skeletal structure 1, agile 1, low mp 1, magic shield, magic
regeneration, magic link, rot immunity, MP-powered wands
a: Receive Corpses, Torment, Renounce Religion


You were on level 6 of the Lair of Beasts.
You worshipped Kikubaaqudgha.
Kikubaaqudgha was extremely pleased with you.
You visited 4 branches of the dungeon, and saw 21 of its levels.

You collected 805 gold pieces.

Inventory:

Hand Weapons
 a - a +3 quarterstaff (weapon)
Missiles
 q - 9 curare-tipped darts (quivered)
Armour
 c - a +2 helmet (worn)
 m - a +0 pair of gloves (worn)
 p - a +2 cloak of preservation (worn)
 v - a +0 ring mail of poison resistance (worn)
 F - a cursed +0 pair of boots (worn)
 H - a +0 buckler
Magical Staves
 y - an uncursed staff of fire
 E - an uncursed staff of death
Jewellery
 d - an uncursed ring of protection from fire
 e - a ring of magical power (right hand)
 f - an uncursed ring of protection from magic
 g - an uncursed ring of see invisible
 r - a cursed amulet of inaccuracy {unknown}
 t - an uncursed ring of protection from cold
 A - an amulet of regeneration (around neck)
 B - an uncursed ring of poison resistance {unknown}
 C - a +6 ring of strength (left hand)
Wands
 b - a wand of iceblast (11)
 G - a wand of flame (11)
 I - a wand of digging (2)
Scrolls
 j - 2 scrolls of amnesia
 l - 2 scrolls of fog
 o - 4 scrolls of remove curse
 s - 2 scrolls of magic mapping
 u - 7 scrolls of identify
Potions
 h - 3 potions of degeneration
 D - a potion of stabbing
 J - a potion of flight


   Skills:
 - Level 11.3(9.7) Fighting
 - Level 14.0(12.2) Staves
 - Level 1.9(0.7) Throwing
 + Level 6.0(4.6) Armour
 + Level 5.1(3.8) Dodging
 - Level 6.3(4.9) Stealth
 * Level 5.7(4.4) Spellcasting
 * Level 6.3(4.9) Necromancy
 + Level 0.8(0.0) Translocations
 * Level 1.9(0.6) Evocations


You had 17 spell levels left.
You knew the following spells:

 Your Spells              Type           Power        Failure   Level
a - Pain                  Necr           ###.         4%          1
b - Blink                 Tloc           N/A          43%         2
c - Vampiric Draining     Necr           ###.......   12%         3

Your spell library contained the following spells:

 Spells                   Type           Power        Failure   Level
 Animate Skeleton         Necr           ###...       4%          1
 Sublimation of Blood     Necr           ###.......   6%          2
 Freeze                   Ice            #...         30%         1
 Magic Dart               Conj           #...         30%         1
 Sandblast                Erth           #.....       30%         1
 Animate Dead             Necr           ###.......   36%         4
 Dispel Undead            Necr           ###.....     36%         4
 Call Imp                 Summ           #.......     43%         2
 Passwall                 Tmut/Erth      #.......     43%         2
 Slow                     Hex            #.......     43%         2
 Conjure Flame            Conj/Fire      #.......     67%         3
 Frozen Ramparts          Ice            #.....       67%         3
 Mephitic Cloud           Conj/Pois/Air  #.......     67%         3
 Ozocubu's Armour         Ice            #.......     67%         3
 Stone Arrow              Conj/Erth      #.....       67%         3
 Hailstorm                Conj/Ice       #.......     97%         4
 Petrify                  Tmut/Erth      #.......     97%         4
 Summon Ice Beast         Ice/Summ       #.......     97%         4
 Borgnjor's Vile Clutch   Necr/Erth      #.........   97%         5
 Death Channel            Necr           ###.......   99%         6
 Lee's Rapid Deconstruct  Erth           #.........   100%        5
 Simulacrum               Ice/Necr       #.........   100%        6


Dungeon Overview and Level Annotations

Branches:
Dungeon (13/15)            Temple (1/1) D:6            Lair (6/6) D:10
 Shoals (1/4) Lair:2        Snake (0/4) Lair:2          Orc (0/2) D:10
 Vaults (0/5) D:13
  Slime: Lair:5-6

Altars:
Ashenzari
Cheibriados
Dithmenos
Elyvilon
Fedhas
Gozag
Hepliaklqana
Kikubaaqudgha
Makhleb
Nemelex Xobeh
Okawaru
Qazlal
Ru
Sif Muna
Trog
Uskayaw
Vehumet
Wu Jian
Xom
Yredelemnul
Zin
The Shining One


Innate Abilities, Weirdness & Mutations

You have hoof-like feet.
You have a somewhat thin skeletal structure. (Dex +2, Stealth)
When hurt, damage is shared between your health and your magic reserves.
You regenerate magic rapidly.
When low on magic, you restore magic in place of health.
You are immune to rotting.
You are agile. (Dex +2)
Your magical capacity is low. (-10% MP)
You expend magic power (3 MP) to strengthen your wands.


Message History

A basilisk comes into view.
The blink frog blinks!
The cane toad stings you.
* * * LOW HITPOINT WARNING * * *
The blink frog blinks!
The cane toad closely misses you.
Evoke which item? (* to show all) (? for menu, Esc to quit)
Okay, then.
You feel a little less clever now.
The basilisk hisses angrily.
The blink frog blinks!
Evoke which item? (* to show all) (? for menu, Esc to quit)
Aiming: Dig
Press: ? - help, Shift-Dir - straight line, f - you Please select a direction to dig.
You feel a surge of power!
The rock shatters into small pieces.
A bullfrog comes into view.
The cane toad misses you. The basilisk misses you.
The bullfrog moves out of view.
The basilisk barely misses you. The cane toad stings you!
You die...
Kikubaaqudgha rasps: "You have failed me!
Welcome... death!"

##.≈≈≈≈≈≈≈≈≈≈..# ..
#≈≈≈≈≈≈.≈≈≈≈...# ...
≈≈≈≈≈≈≈≈≈....≈# ....
≈≈≈≈≈....P..P.# ....###
..≈..≈......P.
......####..≈....P.....
........FF.............
..##.lF#.F..#.........
##@##HF.#..........
#..FF.......?...#.#
..............##...)
....#......#...#.###..
#........FF..#.........
#..#.....P..##....+..F.
......#P....#.#...#.....
#.. ##....#(##.F.P##....
##P+##....F.P##F.F#


You could see 3 cane toads, a basilisk and 4 blink frogs.

Vanquished Creatures
  Gastronok (D:9)
  2 hydras
  A vault guard (D:12)
  Erica (D:9)
  A death knight (D:11)
  2 two-headed ogres
  Sonja (D:10)
  3 unseen horrors
  Pikel (D:5)
  2 ugly things (D:12)
  A manticore (D:11)
  A merfolk siren (Lair:2)
  A black mamba (Lair:2)
  Maurice (D:8)
  5 cane toads
  A gargoyle (D:10)
  Joseph (D:8)
  Maggie (D:9)
  A rime drake (Lair:4)
  7 komodo dragons
  A freezing wraith (D:13)
  3 trolls
  A hornet (D:9)
  13 blink frogs
  6 hippogriffs
  4 wyverns
  2 vampires
  2 basilisks
  34 yaks
  A vampire mosquito (Lair:6)
  Menkaure (D:4)
  6 water moccasins
  15 porcupines
  7 orc warriors
  6 sky beasts
  2 black bears
  5 ice beasts
  2 phantoms
  7 killer bees
  A wolf (Lair:1)
  6 centaurs
  3 crocodiles
  2 ogres
  A lemure (D:5)
  3 big kobolds
  13 bullfrogs
  4 scorpions
  An electric eel (D:8)
  3 howler monkeys
  2 centaur zombies
  2 quasits
  A bullfrog skeleton (D:11)
  5 centaur skeletons
  6 hounds
  14 orc wizards
  8 orc priests
  2 gnoll shamans
  2 jellies
  3 iguanas
  13 worker ants
  2 hell rats (Lair:4)
  2 worker ant zombies
  10 adders
  17 gnolls
  A howler monkey skeleton (D:4)
  8 river rats (Lair:4)
  2 shadow imps (D:5)
  3 white imps
  2 ufetubi
  2 oozes (D:1)
  3 adder skeletons (D:4)
  4 worms
  4 dart slugs
  7 leopard geckos
  48 orcs
  4 bats
  3 giant cockroaches
  9 goblins
  6 hobgoblins
  6 jackals
  2 quokkas
  A ball python (D:4)
  4 frilled lizards (D:1)
  A giant cockroach zombie (D:5)
  19 kobolds
  A leopard gecko skeleton (D:6)
  6 rats
425 creatures vanquished.

Vanquished Creatures (others)
  2 yaks (D:11)
  A crocodile (Lair:5)
  2 killer bees (D:12)
  An orc wizard (D:5)
  32 fungi
  84 plants
122 creatures vanquished.

Grand Total: 547 creatures vanquished

Notes
Turn   | Place    | Note
-------+----------+-------------------------------------------
     0 | D:1      | Lugonue the Demonspawn Gladiator began the quest for the
                  | Orb.
     0 | D:1      | Reached XP level 1. HP: 16/16 MP: 1/1
   176 | D:1      | Gained mutation: When hurt, damage is shared between your
                  | health and your magic reserves. [demonic ancestry]
   176 | D:1      | Reached XP level 2. HP: 22/22 MP: 2/2
   202 | D:1      | Reached skill level 3 in Staves
   623 | D:1      | Gained mutation: You have large cloven feet. [demonic
                  | ancestry]
   623 | D:1      | Reached XP level 3. HP: 27/27 MP: 3/3
  1479 | D:2      | Reached XP level 4. HP: 29/34 MP: 4/4
  1765 | D:3      | HP: 1/34 [kobold/+0 club (2)]
  1778 | D:3      | Reached skill level 4 in Staves
  2293 | D:3      | Reached XP level 5. HP: 30/41 MP: 2/5
  3220 | D:4      | Noticed a phantom
  3252 | D:5      | Entered Level 5 of the Dungeon
  3445 | D:5      | Noticed a lemure
  3478 | D:5      | Killed a lemure
  4278 | D:4      | Killed a phantom
  4278 | D:4      | Reached skill level 5 in Staves
  4278 | D:4      | Reached XP level 6. HP: 34/48 MP: 6/6
  4548 | D:4      | Found a shattered altar of Ashenzari.
  4659 | D:4      | Reached skill level 1 in Stealth
  5236 | D:4      | Gained mutation: You have a somewhat thin skeletal
                  | structure. (Dex +2, Stealth) [demonic ancestry]
  5236 | D:4      | Reached XP level 7. HP: 52/55 MP: 7/7
  5257 | D:4      | Noticed Menkaure
  5266 | D:4      | Killed Menkaure
  5266 | D:4      | Reached skill level 6 in Staves
  5524 | D:5      | Found a bloodstained altar of Trog.
  5551 | D:5      | Found an ornate altar of the Wu Jian Council.
  5623 | D:5      | Reached skill level 5 in Fighting
  5840 | D:5      | Found a basalt altar of Yredelemnul.
  5847 | D:5      | Found a glowing golden altar of the Shining One.
  5849 | D:5      | Noticed an angel
  5991 | D:5      | Found a transporter.
  6019 | D:5      | Noticed a profane servitor
  6115 | D:5      | Found a transporter.
  6503 | D:5      | Noticed Pikel
  6523 | D:5      | Killed Pikel
  6523 | D:5      | Reached skill level 7 in Staves
  6523 | D:5      | Reached XP level 8. HP: 50/64 MP: 8/8
  6768 | D:5      | Reached skill level 8 in Staves
  7372 | D:6      | Reached skill level 9 in Staves
  7446 | D:6      | Found a glowing silver altar of Zin.
  7457 | D:6      | Gained mutation: You have hoof-like feet. [demonic
                  | ancestry]
  7457 | D:6      | Reached XP level 9. HP: 51/71 MP: 9/9
  7760 | D:6      | Found a staircase to the Ecumenical Temple.
  7769 | Temple   | Entered the Ecumenical Temple
  7849 | Temple   | Became a worshipper of Kikubaaqudgha
  9349 | D:7      | Reached skill level 10 in Staves
  9441 | D:7      | Reached * piety under Kikubaaqudgha
  9441 | D:7      | Identified Kikubaaqudgha's Grimoire of Evil (Kikubaaqudgha
                  | gifted it to you on level 7 of the Dungeon)
  9441 | D:7      | Received a gift from Kikubaaqudgha
  9695 | D:7      | Learned a level 1 spell: Pain
  9994 | D:8      | Found a bloodstained altar of Trog.
 10036 | D:8      | Noticed Joseph
 10145 | D:8      | Killed Joseph
 10205 | D:8      | Found a hazy altar of Hepliaklqana.
 10325 | D:8      | Gained mutation: You regenerate magic rapidly. [demonic
                  | ancestry]
 10325 | D:8      | Reached XP level 10. HP: 73/80 MP: 10/10
 10557 | D:8      | Found a sparkling altar of Nemelex Xobeh.
 10784 | D:8      | Noticed Maurice
 10836 | D:8      | Killed Maurice
 10836 | D:8      | Reached skill level 11 in Staves
 11035 | D:8      | Reached ** piety under Kikubaaqudgha
 11170 | D:8      | You fall into a shaft and drop 1 floor!
 11170 | D:9      | Found a burning altar of Makhleb.
 11381 | D:9      | Noticed Maggie
 11390 | D:9      | Killed Maggie
 11411 | D:9      | Found an opulent altar of Gozag.
 11492 | D:9      | Noticed Erica
 11514 | D:9      | Killed Erica
 11724 | D:9      | Reached skill level 12 in Staves
 12108 | D:9      | Found a snail-covered altar of Cheibriados.
 12152 | D:9      | Noticed Gastronok
 12174 | D:9      | Learned a level 2 spell: Blink
 12178 | D:9      | Learned a level 3 spell: Vampiric Draining
 12204 | D:9      | Found a shimmering blue altar of Sif Muna.
 12621 | D:9      | Killed Gastronok
 12621 | D:9      | Gained mutation: When low on magic, you restore magic in
                  | place of health. [demonic ancestry]
 12621 | D:9      | Reached XP level 11. HP: 89/89 MP: 11/11
 12673 | D:9      | You fall into a shaft and drop 3 floors!
 12685 | D:12     | Noticed an unseen horror
 12700 | D:12     | Killed an unseen horror
 12719 | D:12     | Noticed a two-headed ogre
 12790 | D:12     | Noticed a white ugly thing
 12791 | D:12     | Noticed a six-headed hydra
 12830 | D:13     | Noticed a centaur warrior
 13226 | D:13     | Reached skill level 5 in Stealth
 13338 | D:13     | Found an opulent altar of Gozag.
 13430 | D:13     | Noticed an unseen horror
 13451 | D:13     | Killed an unseen horror
 13451 | D:13     | Reached skill level 13 in Staves
 13555 | D:13     | Found a gate to the Vaults.
 13555 | D:13     | Noticed a deep elf mage
 13555 | D:13     | Noticed a vault guard
 13555 | D:13     | Noticed a vault guard
 13555 | D:13     | Noticed a vault guard
 13555 | D:13     | Noticed a vault guard
 13628 | D:12     | Killed a vault guard
 13628 | D:12     | Reached skill level 10 in Fighting
 13710 | D:12     | Noticed a white ugly thing
 13724 | D:12     | Killed a white ugly thing
 13921 | D:12     | Noticed an unseen horror
 13939 | D:12     | Killed an unseen horror
 13984 | D:12     | Noticed a two-headed ogre
 13999 | D:12     | Killed a two-headed ogre
 13999 | D:12     | Reached *** piety under Kikubaaqudgha
 13999 | D:12     | Identified Kikubaaqudgha's Almanac of Evil Rites
                  | (Kikubaaqudgha gifted it to you on level 12 of the Dungeon)
 13999 | D:12     | Received a gift from Kikubaaqudgha
 14497 | D:12     | Killed a white ugly thing
 14497 | D:12     | Gained mutation: You are immune to rotting. [demonic
                  | ancestry]
 14497 | D:12     | Reached XP level 12. HP: 66/99 MP: 12/12
 14927 | D:11     | Reached **** piety under Kikubaaqudgha
 14965 | D:11     | Reached skill level 14 in Staves
 15177 | D:11     | Reached skill level 1 in Necromancy
 15287 | D:11     | Reached skill level 1 in Armour
 15287 | D:11     | Reached skill level 1 in Spellcasting
 15344 | D:11     | Noticed a death knight
 15411 | D:11     | Killed a death knight
 16072 | D:10     | Entered Level 10 of the Dungeon
 16188 | D:10     | Noticed Sonja
 16230 | D:10     | Gained mutation: You are frail. (-10% HP) [potion of
                  | mutation]
 16230 | D:10     | Gained mutation: You have very sharp teeth. [potion of
                  | mutation]
 16289 | D:10     | Lost mutation: You have very sharp teeth. [potion of
                  | mutation]
 16289 | D:10     | Lost mutation: You are frail. (-10% HP) [potion of
                  | mutation]
 16289 | D:10     | Gained mutation: You expend magic power (3 MP) to
                  | strengthen your wands. [potion of mutation]
 16289 | D:10     | Gained mutation: Your magical capacity is low. (-10% MP)
                  | [potion of mutation]
 16289 | D:10     | Gained mutation: You are agile. (Dex +2) [potion of
                  | mutation]
 16680 | D:10     | Found a staircase to the Lair.
 16825 | D:10     | Found a staircase to the Orcish Mines.
 16855 | D:10     | Got an ichor-stained robe
 16866 | D:10     | Identified the cursed +0 robe "Xumol" {*Corrode rN+ Dex+3}
                  | (You found it on level 10 of the Dungeon)
 16952 | D:10     | Noticed a two-headed ogre
 16963 | D:10     | Killed a two-headed ogre
 17071 | D:10     | Killed Sonja
 17662 | Lair:1   | Entered Level 1 of the Lair of Beasts
 17987 | Lair:1   | Reached ***** piety under Kikubaaqudgha
 18229 | Lair:1   | Noticed a six-headed hydra
 18239 | Lair:1   | Killed a six-headed hydra
 18239 | Lair:1   | Reached skill level 5 in Armour
 18698 | Lair:2   | Reached XP level 13. HP: 106/106 MP: 17/17
 19041 | Lair:2   | Found a staircase to the Snake Pit.
 19229 | Lair:2   | Reached skill level 5 in Necromancy
 19262 | Lair:2   | Found a staircase to the Shoals.
 19946 | Shoals:1 | Entered Level 1 of the Shoals
 20080 | Lair:3   | Reached skill level 5 in Spellcasting
 20199 | Lair:3   | HP: 4/106 [yak (6)]
 20205 | Lair:3   | HP: 2/106 [poisoned by a cane toad]
 20985 | Lair:3   | Reached skill level 1 in Evocations
 21357 | Lair:4   | Reached skill level 5 in Dodging
 22894 | Lair:6   | Entered Level 6 of the Lair of Beasts
 22963 | Lair:6   | Slain by a cane toad

Illustrated notes

Levels and vault maps discovered:
D:1:      wander_arrival_peaceful_grave, layout_loops_cross, minmay_tetromino_i2
D:2:      layout_basic, minmay_increasing_density
D:3:      layout_rooms
D:4:      black_bear_nest_2, layout_loops_ring, marbit_many_paths, uniq_menkaure
D:5:      gammafunk_cloud_chamber, layout_basic, grunt_temple_overflow_holy_war,
          kennysheep_mini_moat, basic_altar, uniq_pikel
D:6:      layout_loops_ring, kennysheep_little_box, minmay_temple_entry_poolview
D:7:      layout_cave_pools
D:8:      layout_rooms, old_standard_altar, overflow_temple_1_default,
          kennysheep_mini, chequers_serial_rivers_small_a, kennysheep_boxes,
          uniq_maurice, uniq_joseph
D:9:      layout_basic, nicolae_overflow_crystal_walls, bloody_makhleb,
          slow_altar_1, basic_altar, uniq_maggie, uniq_gastronok, uniq_erica
D:10:     layout_roguey, david_lair_generic, orc_0_dummy, uniq_sonja
D:11:     layout_cave_pods
D:12:     layout_long_grid
D:13:     layout_roguey, lightli_vaults_fourway_checkpoint, grunt_gozag_statues
Temple:   jpeg_temple_clearing
Lair:1:   layout_roguey, beast_lair_carwin_1
Lair:2:   layout_concentric_octagons, minmay_shoals_entry_lonely_mermaid,
          dummy_snake_entry, beast_lair_carwin_4
Lair:3:   layout_regular_city
Lair:4:   layout_regular_city, kennysheep_rathole
Lair:5:   layout_regular_city, nicolae_slime_entry_slimehenge
Lair:6:   minmay_lair_end_frog_pond, layout_regular_city
Shoals:1: layout_shoals, serial_shops, nicolae_shop_statue_plus,
          minmay_shop_mayhem

Skill      XL: |  1  2  3  4  5  6  7  8  9 10 11 12 13 |
---------------+----------------------------------------+-----
Staves         | 3 4 5 7 9 10 12 13 14 | 14.0
Dodging        | 3 4 5 |  5.1
Fighting       | 3 4 6 8 9 10 11 | 11.3
Stealth        | 1 2 3 4 6 |  6.3
Necromancy     | 4 6 |  6.3
Armour         | 5 6 |  6.0
Spellcasting   | 4 5 |  5.7
Evocations     | 1 |  1.9
Throwing       | |  1.9
Translocations | |  0.8

Action                   |  1- 3 |  4- 6 |  7- 9 | 10-12 | 13-15 || total
-------------------------+-------+-------+-------+-------+-------++-------
Melee: Quarterstaff      |    98 |   265 |   369 |   911 |   285 ||  1928
       Kick              |    11 |    75 |   108 |   350 |    41 ||   585
       Bite              |       |       |       |     1 |       ||     1
       Staff             |       |       |       |       |   195 ||   195
Throw: Throwing net      |       |     2 |       |     6 |     1 ||     9
       Dart              |       |     3 |    89 |    12 |       ||   104
       Javelin           |       |       |       |    20 |     3 ||    23
 Cast: Pain              |       |       |     1 |    10 |    16 ||    27
       Vampiric Draining |       |       |       |     5 |    29 ||    34
Evoke: Wand              |       |       |       |    20 |     3 ||    23
  Use: Scroll            |       |     4 |    13 |    11 |     5 ||    33
       Potion            |       |     3 |       |    19 |     3 ||    25
 Stab: Sleeping          |       |       |     1 |    15 |     6 ||    22
       Held in net/web   |       |       |       |     2 |       ||     2
       Distracted        |       |       |       |     3 |     1 ||     4
       Paralysed         |       |       |       |     6 |       ||     6
       Invisible         |       |       |       |     3 |       ||     3
Armor: Leather armour    |    22 |    25 |       |       |       ||    47
       Ring mail         |       |    27 |   142 |   286 |   130 ||   585
Dodge: Dodged            |    70 |   157 |   227 |   483 |   276 ||  1213

Table legend: (Time is in decaauts)
 A = Elapsed time spent in this place.
 B = Non-inter-level travel time spent in this place.
 C = Inter-level travel time spent in this place.
 D = Time resting spent in this place.
 E = Time spent auto-exploring this place.
 F = Levels seen in this place.
 G = Mean time per level.
                   A        B        C        D        E       F      G
               +--------+--------+--------+--------+--------+-----+--------+
         Total |  22416 |  21703 |    713 |   2995 |  13410 |  21 | 1067.4 |
       Dungeon |  17235 |  16617 |    618 |   2557 |   9892 |  13 | 1325.8 |
        Temple |     96 |     83 |     13 |      0 |     76 |   1 |   96.0 |
          Lair |   5081 |   5000 |     81 |    438 |   3442 |   6 |  846.8 |
        Shoals |      1 |      1 |      0 |      0 |      0 |   1 |    1.0 |
               +--------+--------+--------+--------+--------+-----+--------+

Top non-repeatable levels by time:
     D:5: 1862 daAuts
     D:9: 1725 daAuts
     D:4: 1678 daAuts
     D:6: 1670 daAuts
    D:11: 1601 daAuts
     D:3: 1600 daAuts
  Lair:2: 1482 daAuts
     D:8: 1392 daAuts
  Lair:4: 1343 daAuts
    D:10: 1111 daAuts
  Lair:3: 1101 daAuts
     D:7: 1046 daAuts
    D:12: 1022 daAuts
     D:2: 904 daAuts
  Lair:1: 886 daAuts
